 Dungeon Crawl Stone Soup version 0.31-a0-177-g4aa6249778 (webtiles) character file.

Game seed: 615550723799948347

3507 qw the Skirmisher (level 10, -9/94 HPs)
             Began as a Naga Hunter on June 18, 2023.
             Was a Follower of Okawaru.
             Killed from afar by Maggie (22 damage)
             ... with a bolt of fire
             ... on level 7 of the Dungeon.
             The game lasted 00:02:31 (5919 turns).

qw the Skirmisher (Naga Hunter)                     Turns: 5919, Time: 00:02:32

Health: -9/94      AC: 12    Str: 13    XL:     10   Next: 7%
Magic:  12/13      EV: 12    Int: 13    God:    Okawaru [*.....]
Gold:   348        SH:  5    Dex: 18    Spells: 9/9 levels left

rFire   . . .        j - +3 shortbow (flame)
rCold   . . .        (shield currently unavailable)
rNeg    + . .        m - +2 ring mail {rPois}
rPois   +            i - +2 hat
rElec   .            f - +0 cloak
rCorr   .            (no gloves)
SInv    +            (no barding)
Will    +....        a - amulet of reflection
Stlth   +++          b - ring of positive energy
HPRegen 0.35/turn    (no ring)
MPRegen 0.13/turn

%: reflection
@: short of breath, heroic, very slow
A: AC +3, large, see invisible, deformed body, poison resistance, slowness 2,
spit poison 1, naga tail 1, stinger 1, clever 1
a: Spit Poison, Renounce Religion, Heroism


You were on level 7 of the Dungeon.
You worshipped Okawaru.
Okawaru was aware of your devotion.
You visited 2 branches of the dungeon, and saw 10 of its levels.

You collected 348 gold pieces.


Innate Abilities, Weirdness & Mutations

Your serpentine skin is tough. (AC +3)
You have supernaturally acute eyesight. (SInv)
Armour fits poorly on your strangely shaped body.
Your system is resistant to poisons. (rPois)
You cover ground very slowly.
You can spit poison.
You have a snake-like lower body.
Your tail ends in a venomous barb.
Your mind is acute. (Int +4, Str/Dex -1)


   Skills:
 - Level 7.0(12.0) Fighting
 + Level 10.6(15.6) Ranged Weapons
 - Level 2.0(7.0) Armour
 - Level 3.1(8.1) Dodging
 - Level 1.5(6.5) Stealth
 - Level 4.0 Invocations


You had 9 spell levels left.
You didn't know any spells.
Your spell library was empty.

Inventory:

Hand Weapons
 e - the +3 sling "Guraomei" {heavy, Fly rF- rN+}
   (You found it on level 2 of the Dungeon)

   rF:        It makes you vulnerable to fire.
   rN:        It protects you from negative energy.
   Fly:       It grants you flight.
 j - a +3 shortbow of flaming (weapon)
Armour
 f - a +0 cloak (worn)
 i - a +2 hat (worn)
 m - a +2 ring mail of poison resistance (worn)
Jewellery
 a - an amulet of reflection (around neck)
 b - a ring of positive energy (left hand)
Scrolls
 h - a scroll of identify
Potions
 c - a potion of magic {unknown}
 d - 2 potions of curing
 k - a potion of might {unknown}
 l - a potion of lignification {unknown}
 o - a potion of haste
 q - a potion of brilliance {unknown}

Dungeon Overview and Level Annotations

Branches:
Dungeon (9/15)             Temple (1/1) D:5
   Lair: D:8-11         Orc: D:9-12

Altars:
Ashenzari
Cheibriados
Dithmenos
Elyvilon
Gozag
Kikubaaqudgha
Makhleb
Nemelex Xobeh
Okawaru
Qazlal
Ru
Sif Muna
Uskayaw
Wu Jian
Yredelemnul
Zin
The Shining One

Annotations:
D:7 Maggie


Message History

Maggie is lightly wounded.
You are engulfed in a cloud of scalding steam.
Maggie hits you with a +0 scimitar.
You shoot an arrow. The arrow hits Maggie.
The arrow burns Maggie.
Maggie is lightly wounded.
You are engulfed in a cloud of scalding steam.
You have got your breath back.
Maggie closely misses you. Maggie hits you with a +0 scimitar!
5915 ||| INVOKING Spit Poison.
Aiming: Spit Poison (1% risk of failure)
Press: ? - help, Shift-Dir - straight line, f/p - Maggie The splash of poison misses Maggie.
You are engulfed in a cloud of scalding steam.
Maggie barely misses you.
You shoot an arrow. The arrow hits Maggie.
The arrow burns Maggie.
Maggie is lightly wounded.
You hear an angry hiss.
Maggie is engulfed in a cloud of scalding steam.
Maggie hits you with a +0 scimitar!
A steam dragon comes into view.
You shoot an arrow. The arrow hits Maggie.
The arrow burns Maggie.
Maggie is moderately wounded.
Maggie casts a spell at you. The bolt of fire misses you.
The tree burns like a torch!
Maggie hits you but does no damage.
The forest fire spreads!
Enter note:
Enter note:
Enter note:
Enter note: You shoot an arrow.
The arrow hits Maggie but does no damage.
Maggie is moderately wounded.
You are engulfed in a cloud of scalding steam.
The steam dragon bites the plant!
The plant begins to die.
The steam dragon claws the plant.
Maggie hits you with a +0 scimitar.
You shoot an arrow. The arrow completely misses Maggie.
You are engulfed in a cloud of scalding steam.
Maggie gestures at you while chanting. The bolt of fire hits you!!
You die...

#.........#
#####.######..>..##
###..# ##.......#
#....####.........
#.......+.........
#....####.......
#.#.## #.... #.###
77.@7 #.#


7¤@7 #.# 7¤¤7 #.# 7¤7¤7 #.##777¤7PD777 #...7PP77.~~P7.77 ###..~.~~~.~.~~..
##P~7.7~~~7777P# #777777.77 7.7 You could see Maggie (fast) and a steam dragon.

Vanquished Creatures
  A manticore (shapeshifter) (D:9)
  2 wyverns
  Duvessa (D:7)
  3 water moccasins
  A black bear (D:6)
  2 ice beasts
  A sky beast (D:7)
  4 ogres
  A centaur (D:7)
  A kobold brigand (D:6)
  2 bullfrogs
  2 scorpions
  A gnoll sergeant (D:6)
  3 jellies (D:5)
  4 wights (D:7)
  Dowan (D:7)
  4 electric eels (D:7)
  5 hounds
  2 orc priests
  An iron imp (D:5)
  2 iguanas
  Terence (D:3)
  4 orc wizards
  9 gnolls
  10 adders
  2 white imps
  2 ufetubi
  2 worms
  2 dart slugs
  15 orcs
  7 bats
  11 endoplasms
  A giant cockroach (D:1)
  10 goblins
  6 hobgoblins
  4 jackals (D:2)
  9 kobolds
  6 ball pythons
  4 frilled lizards
  11 rats
160 creatures vanquished.

Notes
Turn   | Place    | Note
-------+----------+-------------------------------------------
     0 | D:1      | qw the Naga Hunter began the quest for the Orb.
     0 | D:1      | Reached XP level 1. HP: 19/19 MP: 1/1
     0 | D:1      | 0 ||| qw: Version: 0.3-a-7-ge0c9b40
     0 | D:1      | 0 ||| qw: Game counter: 768
     0 | D:1      | 0 ||| qw: Always use a shield: true
     0 | D:1      | 0 ||| qw: God list: Okawaru
     0 | D:1      | 0 ||| qw: Allow faded altars: false
     0 | D:1      | 0 ||| qw: Do Orc after D:15 true
     0 | D:1      | 0 ||| qw: Do second Lair branch before Depths: true
     0 | D:1      | 0 ||| qw: Lair rune preference: random
     0 | D:1      | 0 ||| qw: Plans: Normal
     0 | D:1      | 0 ||| PLANNING D:1-11
    13 | D:1      | Found a faded altar of an unknown god.
    16 | D:1      | 16 ||| INVOKING Spit Poison.
    55 | D:1      | 55 ||| INVOKING Spit Poison.
    61 | D:1      | 61 ||| INVOKING Spit Poison.
    62 | D:1      | Reached skill level 4 in Ranged Weapons
    62 | D:1      | Reached XP level 2. HP: 26/26 MP: 2/2
    66 | D:1      | 66 ||| INVOKING Spit Poison.
    69 | D:1      | 69 ||| INVOKING Spit Poison.
   158 | D:1      | 158 ||| INVOKING Spit Poison.
   194 | D:1      | 194 ||| INVOKING Spit Poison.
   201 | D:1      | 201 ||| INVOKING Spit Poison.
   205 | D:1      | 205 ||| INVOKING Spit Poison.
   223 | D:1      | 223 ||| INVOKING Spit Poison.
   250 | D:1      | 250 ||| INVOKING Spit Poison.
   273 | D:1      | 273 ||| INVOKING Spit Poison.
   349 | D:1      | 349 ||| INVOKING Spit Poison.
   380 | D:1      | 380 ||| INVOKING Spit Poison.
   383 | D:1      | 383 ||| INVOKING Spit Poison.
   386 | D:1      | Reached XP level 3. HP: 17/32 MP: 3/3
   599 | D:1      | 599 ||| READING scroll labelled USEUCH VEBBOI.
   600 | D:1      | 600 ||| READING scroll labelled YNOJEF ONARGHU.
   604 | D:1      | 604 ||| READING 2 scrolls labelled RIESHR ETUTT.
   605 | D:1      | 605 ||| DROPPING scroll of butterflies.
   729 | D:2      | 729 ||| INVOKING Spit Poison.
   735 | D:2      | 735 ||| INVOKING Spit Poison.
   738 | D:2      | 738 ||| INVOKING Spit Poison.
   742 | D:2      | 742 ||| INVOKING Spit Poison.
   747 | D:2      | 747 ||| INVOKING Spit Poison.
   789 | D:2      | 789 ||| UPGRADING to amulet of reflection.
   794 | D:2      | 794 ||| READING 2 scrolls labelled ESOLUDD KIWIBB.
   795 | D:2      | 795 ||| DROPPING scroll of revelation.
   800 | D:2      | 800 ||| STAIRDANCE
   804 | D:2      | 804 ||| STAIRDANCE
   808 | D:2      | 808 ||| STAIRDANCE
   812 | D:2      | 812 ||| STAIRDANCE
   816 | D:2      | 816 ||| STAIRDANCE
   820 | D:2      | 820 ||| STAIRDANCE
   824 | D:2      | 824 ||| STAIRDANCE
   828 | D:2      | 828 ||| STAIRDANCE
   832 | D:2      | 832 ||| STAIRDANCE
   836 | D:2      | 836 ||| STAIRDANCE
   840 | D:2      | 840 ||| STAIRDANCE
   844 | D:2      | 844 ||| STAIRDANCE
   848 | D:2      | 848 ||| STAIRDANCE
   852 | D:2      | 852 ||| STAIRDANCE
   856 | D:2      | 856 ||| STAIRDANCE
   860 | D:2      | 860 ||| STAIRDANCE
   864 | D:2      | 864 ||| STAIRDANCE
   868 | D:2      | 868 ||| STAIRDANCE
   872 | D:2      | 872 ||| STAIRDANCE
   876 | D:2      | 876 ||| STAIRDANCE
   914 | D:1      | 914 ||| Stepping randomly (stuck).
  1007 | D:2      | 1007 ||| INVOKING Spit Poison.
  1010 | D:2      | Identified the +3 sling "Guraomei" {heavy, Fly rF- rN+}
  1012 | D:2      | 1012 ||| SWAPPING to +3 sling "Guraomei" {heavy, Fly rF-
                  | rN+}.
  1095 | D:2      | 1095 ||| INVOKING Spit Poison.
  1104 | D:2      | 1104 ||| INVOKING Spit Poison.
  1159 | D:2      | 1159 ||| INVOKING Spit Poison.
  1164 | D:2      | 1164 ||| INVOKING Spit Poison.
  1168 | D:2      | 1168 ||| INVOKING Spit Poison.
  1177 | D:2      | 1177 ||| INVOKING Spit Poison.
  1242 | D:2      | 1242 ||| INVOKING Spit Poison.
  1250 | D:2      | 1250 ||| INVOKING Spit Poison.
  1252 | D:2      | Reached skill level 5 in Ranged Weapons
  1252 | D:2      | Reached XP level 4. HP: 39/39 MP: 4/4
  1273 | D:2      | 1273 ||| INVOKING Spit Poison.
  1277 | D:2      | 1277 ||| INVOKING Spit Poison.
  1322 | D:2      | 1322 ||| READING scroll labelled KUWKUSTEIGI.
  1323 | D:2      | 1323 ||| READING scroll labelled JENORU YNYOGOAR.
  1324 | D:2      | 1324 ||| DRINKING 2 fuming white potions.
  1381 | D:3      | 1381 ||| INVOKING Spit Poison.
  1420 | D:3      | Noticed Terence
  1422 | D:3      | 1422 ||| INVOKING Spit Poison.
  1424 | D:3      | 1424 ||| Stepping ~*~*~tactically~*~*~ (outnumbered).
  1425 | D:3      | 1425 ||| INVOKING Spit Poison.
  1429 | D:3      | 1429 ||| INVOKING Spit Poison.
  1429 | D:3      | Killed Terence
  1433 | D:3      | 1433 ||| INVOKING Spit Poison.
  1549 | D:3      | 1549 ||| INVOKING Spit Poison.
  1599 | D:3      | 1599 ||| INVOKING Spit Poison.
  1629 | D:3      | 1629 ||| INVOKING Spit Poison.
  1676 | D:3      | 1676 ||| INVOKING Spit Poison.
  1679 | D:3      | 1679 ||| INVOKING Spit Poison.
  1680 | D:3      | Reached skill level 3 in Fighting
  1683 | D:3      | 1683 ||| INVOKING Spit Poison.
  1687 | D:3      | Reached XP level 5. HP: 36/49 MP: 5/5
  1774 | D:3      | 1774 ||| INVOKING Spit Poison.
  1801 | D:3      | 1801 ||| INVOKING Spit Poison.
  1812 | D:3      | Found a sparkling altar of Nemelex Xobeh.
  1849 | D:3      | 1849 ||| INVOKING Spit Poison.
  1979 | D:3      | 1979 ||| UPGRADING to +2 hat.
  1984 | D:3      | 1984 ||| READING scroll labelled ROWKOSAWOL.
  1985 | D:3      | 1985 ||| DRINKING 3 pink potions.
  1986 | D:3      | 1986 ||| DRINKING 2 fuming black potions.
  1986 | D:3      | Gained mutation: Your tail ends in a venomous barb. [potion
                  | of mutation]
  1986 | D:3      | Gained mutation: You can exhale a cloud of poison. [potion
                  | of mutation]
  1986 | D:3      | Gained mutation: You are frail. (-10% HP) [potion of
                  | mutation]
  1987 | D:3      | 1987 ||| DRINKING potion of mutation.
  1987 | D:3      | Lost mutation: Your tail ends in a venomous barb. [potion
                  | of mutation]
  1987 | D:3      | Lost mutation: You can exhale a cloud of poison. [potion of
                  | mutation]
  1987 | D:3      | Gained mutation: Your tail ends in a venomous barb. [potion
                  | of mutation]
  1987 | D:3      | Lost mutation: You are frail. (-10% HP) [potion of
                  | mutation]
  1987 | D:3      | Gained mutation: Your mind is acute. (Int +4, Str/Dex -1)
                  | [potion of mutation]
  2004 | D:3      | 2004 ||| READING 2 scrolls of identify.
  2004 | D:3      | 2004 ||| IDENTIFYING dark potion
  2005 | D:3      | 2005 ||| DROPPING 2 potions of degeneration.
  2006 | D:3      | 2006 ||| DROPPING potion of attraction.
  2030 | D:4      | 2030 ||| INVOKING Spit Poison.
  2090 | D:4      | Found a broken altar of Ashenzari.
  2140 | D:4      | Found an ancient bone altar of Kikubaaqudgha.
  2140 | D:4      | Found a shimmering blue altar of Sif Muna.
  2144 | D:4      | 2144 ||| INVOKING Spit Poison.
  2149 | D:4      | 2149 ||| INVOKING Spit Poison.
  2153 | D:4      | 2153 ||| INVOKING Spit Poison.
  2155 | D:4      | HP: 9/49 [orc/+0 club (4)]
  2156 | D:4      | 2156 ||| READING 2 scrolls of teleportation.
  2158 | D:4      | 2158 ||| INVOKING Spit Poison.
  2159 | D:4      | Found a glowing golden altar of the Shining One.
  2299 | D:4      | Noticed an ogre
  2302 | D:4      | 2302 ||| INVOKING Spit Poison.
  2303 | D:4      | Killed an ogre
  2304 | D:4      | Reached skill level 6 in Ranged Weapons
  2304 | D:4      | Reached XP level 6. HP: 56/56 MP: 6/6
  2430 | D:4      | Found an opulent altar of Gozag.
  2454 | D:4      | 2454 ||| INVOKING Spit Poison.
  2498 | D:4      | 2498 ||| INVOKING Spit Poison.
  2586 | D:4      | 2586 ||| READING scroll labelled WESTIA ASIROI.
  2587 | D:4      | 2587 ||| READING 3 scrolls of identify.
  2587 | D:4      | 2587 ||| IDENTIFYING fizzy purple potion
  2588 | D:4      | 2588 ||| READING 2 scrolls of identify.
  2588 | D:4      | 2588 ||| IDENTIFYING amethyst potion
  2589 | D:4      | 2589 ||| DROPPING potion of ambrosia.
  2609 | D:5      | Entered Level 5 of the Dungeon
  2630 | D:5      | 2630 ||| INVOKING Spit Poison.
  2633 | D:5      | 2633 ||| INVOKING Spit Poison.
  2730 | D:5      | 2730 ||| INVOKING Spit Poison.
  2733 | D:5      | 2733 ||| INVOKING Spit Poison.
  2769 | D:5      | 2769 ||| INVOKING Spit Poison.
  2773 | D:5      | 2773 ||| INVOKING Spit Poison.
  2774 | D:5      | 2774 ||| INVOKING Spit Poison.
  2888 | D:5      | 2888 ||| INVOKING Spit Poison.
  2891 | D:5      | 2891 ||| INVOKING Spit Poison.
  2893 | D:5      | Reached XP level 7. HP: 64/64 MP: 7/7
  2897 | D:5      | 2897 ||| INVOKING Spit Poison.
  2967 | D:5      | Found a staircase to the Ecumenical Temple.
  2968 | D:5      | 2968 ||| PLANNING TEMPLE
  2968 | D:5      | 2968 ||| UPGRADING to +0 cloak.
  2984 | Temple   | Entered the Ecumenical Temple
  3067 | Temple   | 3067 ||| PLANNING OKAWARU WORSHIP
  3140 | Temple   | Became a worshipper of Warmaster Okawaru
  3141 | Temple   | 3141 ||| PLANNING D:1-11
  3205 | D:5      | 3205 ||| INVOKING Spit Poison.
  3213 | D:5      | Found a white marble altar of Elyvilon.
  3286 | D:5      | 3286 ||| INVOKING Spit Poison.
  3289 | D:5      | 3289 ||| INVOKING Spit Poison.
  3338 | D:5      | 3338 ||| INVOKING Spit Poison.
  3339 | D:5      | Reached skill level 7 in Ranged Weapons
  3341 | D:5      | 3341 ||| INVOKING Spit Poison.
  3380 | D:5      | 3380 ||| INVOKING Spit Poison.
  3383 | D:5      | 3383 ||| INVOKING Spit Poison.
  3610 | D:5      | 3610 ||| DRINKING 2 clear potions.
  3613 | D:5      | 3613 ||| INVOKING Spit Poison.
  3723 | D:5      | 3723 ||| INVOKING Spit Poison.
  3734 | D:5      | Reached XP level 8. HP: 72/72 MP: 8/8
  3734 | D:5      | 3734 ||| INVOKING Spit Poison.
  3737 | D:5      | Reached skill level 8 in Ranged Weapons
  3814 | D:5      | 3814 ||| INVOKING Spit Poison.
  3818 | D:5      | 3818 ||| INVOKING Spit Poison.
  3823 | D:5      | 3823 ||| INVOKING Spit Poison.
  3826 | D:5      | 3826 ||| INVOKING Spit Poison.
  3870 | D:5      | Found a snail-covered altar of Cheibriados.
  3957 | D:5      | 3957 ||| UPGRADING to +2 ring mail of poison resistance.
  3967 | D:5      | 3967 ||| DROPPING +0 leather armour.
  4008 | D:6      | 4008 ||| INVOKING Spit Poison.
  4011 | D:6      | 4011 ||| INVOKING Spit Poison.
  4062 | D:6      | Reached * piety under Okawaru
  4063 | D:6      | Reached skill level 1 in Armour
  4085 | D:6      | 4085 ||| INVOKING Spit Poison.
  4088 | D:6      | 4088 ||| Stepping ~*~*~tactically~*~*~ (outnumbered).
  4089 | D:6      | 4089 ||| INVOKING Heroism.
  4095 | D:6      | Reached skill level 1 in Invocations
  4095 | D:6      | 4095 ||| INVOKING Spit Poison.
  4098 | D:6      | 4098 ||| INVOKING Heroism.
  4100 | D:6      | 4100 ||| INVOKING Spit Poison.
  4104 | D:6      | 4104 ||| INVOKING Spit Poison.
  4108 | D:6      | 4108 ||| INVOKING Spit Poison.
  4178 | D:6      | 4178 ||| INVOKING Spit Poison.
  4230 | D:6      | Found a shadowy altar of Dithmenos.
  4310 | D:6      | 4310 ||| INVOKING Heroism.
  4311 | D:6      | 4311 ||| INVOKING Spit Poison.
  4382 | D:6      | Found an ornate altar of the Wu Jian Council.
  4402 | D:6      | 4402 ||| INVOKING Spit Poison.
  4404 | D:6      | Reached skill level 3 in Invocations
  4444 | D:6      | 4444 ||| INVOKING Heroism.
  4446 | D:6      | 4446 ||| INVOKING Spit Poison.
  4497 | D:6      | 4497 ||| INVOKING Spit Poison.
  4503 | D:6      | 4503 ||| INVOKING Spit Poison.
  4508 | D:6      | 4508 ||| INVOKING Spit Poison.
  4511 | D:6      | Reached XP level 9. HP: 59/81 MP: 11/11
  4512 | D:6      | 4512 ||| INVOKING Spit Poison.
  4517 | D:6      | 4517 ||| INVOKING Heroism.
  4518 | D:6      | 4518 ||| INVOKING Spit Poison.
  4524 | D:6      | 4524 ||| INVOKING Spit Poison.
  4609 | D:6      | Found a burning altar of Makhleb.
  4641 | D:6      | 4641 ||| INVOKING Spit Poison.
  4644 | D:6      | 4644 ||| INVOKING Spit Poison.
  4646 | D:6      | 4646 ||| INVOKING Heroism.
  4649 | D:6      | Reached skill level 9 in Ranged Weapons
  4826 | D:6      | You are sucked into a shaft and drop 3 floors!
  4841 | D:9      | 4841 ||| Stepping ~*~*~tactically~*~*~ (outnumbered).
  4842 | D:9      | Noticed a hornet
  4842 | D:9      | Noticed a skeletal warrior
  4843 | D:9      | 4843 ||| INVOKING Heroism.
  4844 | D:9      | 4844 ||| Stepping ~*~*~tactically~*~*~ (outnumbered).
  4845 | D:9      | 4845 ||| INVOKING Spit Poison.
  4845 | D:9      | a culicivora changed into a manticore
  4845 | D:9      | Noticed a manticore (shapeshifter)
  4849 | D:9      | 4849 ||| INVOKING Spit Poison.
  4852 | D:9      | 4852 ||| DRINKING potion of cancellation.
  4853 | D:9      | 4853 ||| INVOKING Spit Poison.
  4853 | D:9      | Killed a manticore
  4854 | D:9      | Reached skill level 6 in Fighting
  4854 | D:9      | HP: 21/85 [skeletal warrior/+0 flail (23)]
  4855 | D:9      | 4855 ||| READING scroll of teleportation.
  4856 | D:9      | 4856 ||| DRINKING potion of heal wounds.
  5029 | D:9      | 5029 ||| INVOKING Spit Poison.
  5032 | D:9      | 5032 ||| INVOKING Spit Poison.
  5037 | D:9      | 5037 ||| INVOKING Spit Poison.
  5040 | D:9      | 5040 ||| DRINKING 3 potions of curing.
  5040 | D:9      | 5040 ||| (to cure confusion)
  5042 | D:9      | 5042 ||| DRINKING 2 potions of curing.
  5042 | D:9      | 5042 ||| (to cure confusion)
  5043 | D:9      | 5043 ||| INVOKING Spit Poison.
  5046 | D:9      | 5046 ||| INVOKING Spit Poison.
  5054 | D:9      | 5054 ||| DROPPING +0 leather armour of positive energy.
  5055 | D:9      | 5055 ||| READING scroll labelled WIYLONKY LYKO.
  5069 | D:8      | 5069 ||| UPGRADING to ring of positive energy.
  5075 | D:7      | Noticed Duvessa
  5075 | D:7      | Noticed Dowan
  5076 | D:7      | 5076 ||| PLANNING OSSUARY
  5076 | D:7      | 5076 ||| INVOKING Heroism.
  5077 | D:7      | 5077 ||| INVOKING Spit Poison.
  5082 | D:7      | Killed Duvessa
  5083 | D:7      | 5083 ||| INVOKING Spit Poison.
  5093 | D:7      | 5093 ||| INVOKING Spit Poison.
  5093 | D:7      | Killed Dowan
  5117 | D:7      | 5117 ||| INVOKING Heroism.
  5121 | D:7      | 5121 ||| INVOKING Spit Poison.
  5125 | D:7      | 5125 ||| INVOKING Spit Poison.
  5134 | D:7      | Reached skill level 10 in Ranged Weapons
  5139 | D:7      | 5139 ||| INVOKING Spit Poison.
  5204 | D:7      | Reached skill level 3 in Dodging
  5205 | D:7      | 5205 ||| INVOKING Spit Poison.
  5211 | D:7      | 5211 ||| INVOKING Spit Poison.
  5233 | D:7      | 5233 ||| INVOKING Spit Poison.
  5236 | D:7      | Reached ** piety under Okawaru
  5245 | D:7      | 5245 ||| SWAPPING to +2 shortbow of flaming.
  5246 | D:7      | 5246 ||| DROPPING +0 shortbow.
  5247 | D:7      | 5247 ||| READING scroll of enchant weapon.
  5247 | D:7      | 5247 ||| ENCHANTING +2 shortbow of flaming.
  5259 | D:7      | 5259 ||| INVOKING Heroism.
  5263 | D:7      | 5263 ||| INVOKING Spit Poison.
  5343 | D:7      | 5343 ||| INVOKING Heroism.
  5345 | D:7      | 5345 ||| INVOKING Spit Poison.
  5353 | D:7      | 5353 ||| INVOKING Spit Poison.
  5442 | D:7      | 5442 ||| INVOKING Spit Poison.
  5445 | D:7      | 5445 ||| INVOKING Spit Poison.
  5456 | D:7      | 5456 ||| INVOKING Heroism.
  5457 | D:7      | 5457 ||| INVOKING Spit Poison.
  5466 | D:7      | 5466 ||| INVOKING Spit Poison.
  5512 | D:7      | Reached XP level 10. HP: 74/94 MP: 13/13
  5621 | D:7      | 5621 ||| INVOKING Spit Poison.
  5630 | D:7      | 5630 ||| RIP OSSUARY
  5633 | D:7      | 5633 ||| PLANNING D:1-11
  5696 | D:6      | 5696 ||| INVOKING Spit Poison.
  5716 | D:6      | 5716 ||| INVOKING Spit Poison.
  5742 | D:6      | 5742 ||| INVOKING Spit Poison.
  5906 | D:7      | Noticed Maggie
  5907 | D:7      | 5907 ||| INVOKING Spit Poison.
  5910 | D:7      | 5910 ||| INVOKING Heroism.
  5911 | D:7      | 5911 ||| INVOKING Spit Poison.
  5915 | D:7      | 5915 ||| INVOKING Spit Poison.
  5916 | D:7      | HP: 18/94 [Maggie/+0 scimitar (14)]
  5919 | D:7      | Killed from afar by Maggie

Levels and vault maps discovered:
D:1:      elethiomel_arrival_shortcut, layout_basic,
          ebering_ecumenical_altar_webs, minmay_misc_feat_five
D:2:      minmay_diamond_boxcup, layout_rooms
D:3:      layout_basic, lemuel_round_altar, uniq_terence
D:4:      layout_rooms, mainiacjoe_overflow_small_starburst,
          grunt_gozag_breadcrumbs, chequers_temple_overflow_statue_of_worship,
          mainiacjoe_overflow_paths, minivault_24, solitary_fountain
D:5:      layout_basic, marbit_many_paths, slow_altar_2,
          minmay_temple_entry_overgrown, kennysheep_cluttered_room
D:6:      layout_basic, nzn_wu_jian_contemplation, old_standard_altar,
          nicolae_dithmenos_through_a_glass_darkly
D:7:      layout_loops_corners, xom_butterflies, serial_bayou,
          serial_bayou_crossing, serial_bayou_pond_b, serial_bayou_shore_a,
          serial_bayou_lagoon_b, nicolae_ossuary_entry_monument,
          hellmonk_ghost_happy_afterlife, palyth_stone_intersect, uniq_maggie,
          uniq_duvessa
D:8:      layout_rooms, nicolae_overflow_crystal_walls, vehumet_crystals,
          serial_shops, nicolae_shop_rolling_square,
          nicolae_shop_real_fake_doors, shop, nicolae_shop_tiny_real_fake_doors
D:9:      minmay_the_grid_four_pointed_star_mashed
          [minmay_the_grid_triangle_9x9_checkered,
          minmay_the_grid_triangle_9x9_corrupted_corridor,
          minmay_the_grid_triangle_9x9_windchime,
          minmay_the_grid_triangle_9x9_minimal, minmay_the_grid_prize_big_room],
          layout_loops_cross, mainiacjoe_overflow_boulevard, uniq_prince_ribbit1
Temple:   hellmonk_temple_flake

Skill      XL: |  1  2  3  4  5  6  7  8  9 |
---------------+----------------------------+-----
Ranged Weapons | 4 5 6 7 8 10 | 10.6
Fighting       | 3 4 5 7 |  7.0
Dodging        | 2 3 |  3.1
Armour         | 1 2 |  2.0
Invocations    | 3 4 |  4.0
Stealth        | |  1.5

Action                     |  1- 3 |  4- 6 |  7- 9 | 10-12 || total
---------------------------+-------+-------+-------+-------++-------
   Fire: Shortbow          |    59 |       |    40 |    36 ||   135
         Sling             |    18 |    78 |   160 |       ||   256
 Invoke: Heroism           |       |       |    12 |     1 ||    13
Ability: Spit Poison       |    28 |    31 |    58 |     7 ||   124
    Use: Scroll            |     4 |     8 |     3 |       ||    15
         Potion            |       |     4 |     5 |       ||     9
 Armour: Leather armour    |    13 |    20 |     9 |       ||    42
         Ring mail         |       |       |    50 |    14 ||    64
  Dodge: Dodged            |    21 |    26 |    68 |    10 ||   125
  Block: Other             |     2 |    16 |    33 |     1 ||    52

Table legend:
 A = Non-vault XP
 B = Vault XP
 C = Vault XP percentage of total XP
 D = Non-vault monster count
 E = Vault monster count
 F = Vault count percentage of total count
                 A         B        C        D         E       F
            +---------+---------+-------+---------+---------+-------
      Total |    3671 |    1339 |  26.7 |     143 |      17 |  10.6
            +---------+---------+-------+---------+---------+-------
        D:1 |      45 |       0 |   0.0 |      25 |       0 |   0.0
        D:2 |      31 |      10 |  24.4 |      14 |       7 |  33.3
        D:3 |      64 |      36 |  36.0 |      18 |       1 |   5.3
        D:4 |     254 |       0 |   0.0 |      12 |       0 |   0.0
        D:5 |     841 |      84 |   9.1 |      24 |       2 |   7.7
        D:6 |    1344 |       0 |   0.0 |      27 |       0 |   0.0
        D:7 |    1014 |     653 |  39.2 |      18 |       6 |  25.0
        D:9 |      78 |     556 |  87.7 |       5 |       1 |  16.7
            +---------+---------+-------+---------+---------+-------
